AoeStats
← ERROR 404

MegaRandom

509814206Analyzed
3v3 RM · 4d ago on Sep 28, 2026· 52m 44s· 6 players
Game mode
Random Map
Map size
Normal (6 player)
Population
200
Speed
Normal
Resources
Standard
Victory
Conquest
Starting age
Dark Age
Ending age
Imperial Age
RankedLock teamsTeams togetherTeam positionsShared explorationLock speedFull tech treeHidden civsTurbo modeCheats
Victory
Defeat
🇨🇱 Portuguese · Chile
1049
+15
🇨🇱 Lithuanians · Chile
955
+18
🇨🇱 Teutons · Chile
942
+19
🇦🇷 Vietnamese · Argentina
1041
-19
🇲🇽 Mongols · Mexico
1026
-18
🇲🇽 Chinese · Mexico
965
-15
Sir Rorros Darle
7:16 Loom
10:31 Feudal Age
11:16 Double-Bit Axe
12:22 Horse Collar
15:32 Stone Mining
17:06 Scale Mail Armor
25:23 Castle Age
24:09 Bloodlines
25:20 Forging
25:02 Fletching
25:12 Padded Archer Armor
27:12 Husbandry
28:18 Wheelbarrow
28:03 Elite Skirmisher
30:30 Scale Barding Armor
40:10 Fervor
43:10 Bow Saw
46:11 Imperial Age
44:34 Thumb Ring
46:35 Sanctity
46:26 Redemption
46:14 Light Cavalry
47:04 Murder Holes
47:50 Gold Mining
47:27 Cavalier
49:14 Hand Cart
50:30 Ballistics
51:57 Paladin
MagicJK
0:50 Loom
13:09 Feudal Age
13:44 Town Watch
18:28 Wheelbarrow
24:58 Castle Age
22:48 Double-Bit Axe
22:55 Stone Mining
22:58 Gold Mining
23:16 Horse Collar
27:34 Hand Cart
27:29 Caravan
31:13 Sanctity
33:33 Fletching
34:45 Bodkin Arrow
35:02 Forging
39:19 Imperial Age
37:16 Bow Saw
41:14 Conscription
40:40 Elite Organ Gun
42:13 Elite Organ Gun
42:27 Elite Organ Gun
43:32 Siege Engineers
43:50 Ballistics
44:32 Chemistry
48:25 Murder Holes
48:41 Fortified Wall
48:46 Masonry
48:16 Treadmill Crane
48:31 Treadmill Crane
sio_24
0:58 Loom
11:17 Feudal Age
9:33 Loom
13:46 Double-Bit Axe
15:46 Fletching
19:57 Castle Age
18:56 Horse Collar
21:03 Scale Barding Armor
24:56 Wheelbarrow
26:27 Bloodlines
26:40 Gold Mining
28:20 Heavy Plow
31:04 Forging
31:28 Caravan
33:16 Iron Casting
32:53 Town Watch
33:53 Hand Cart
37:16 Chain Barding Armor
38:11 Ballistics
38:01 Masonry
40:47 Imperial Age
38:56 Scale Mail Armor
38:53 Bodkin Arrow
39:49 Stone Mining
40:12 Bow Saw
41:09 Cavalier
44:13 Plate Barding Armor
45:15 Two-Man Saw
44:46 Crop Rotation
44:53 Stone Shaft Mining
48:09 Paladin
51:05 Blast Furnace
51:35 Chain Mail Armor
SamoMx
0:46 Loom
10:37 Feudal Age
13:51 Town Watch
14:23 Double-Bit Axe
17:51 Stone Mining
21:28 Castle Age
20:19 Fletching
21:57 Crossbowman
22:42 Padded Archer Armor
24:59 Leather Archer Armor
25:46 Horse Collar
30:30 Ballistics
31:22 Bodkin Arrow
40:41 Imperial Age
42:04 Ring Archer Armor
43:07 Chemistry
44:04 Conscription
ERROR 404
10:07 Feudal Age
18:16 Castle Age
17:16 Double-Bit Axe
18:42 Loom
28:24 Wheelbarrow
28:31 Gold Mining
35:20 Imperial Age
34:42 Hand Cart
35:28 Forging
35:19 Scale Mail Armor
36:43 Pikeman
39:08 Iron Casting
38:48 Chain Mail Armor
39:28 Stone Mining
39:51 Squires
40:34 Halberdier
42:21 Plate Mail Armor
45:34 Bow Saw
46:44 Horse Collar
Oswaldo.rdz
6:23 Loom
10:47 Feudal Age
13:06 Double-Bit Axe
14:39 Town Watch
16:55 Bloodlines
22:52 Castle Age
22:49 Wheelbarrow
22:43 Gold Mining
24:17 Horse Collar
24:50 Bow Saw
24:49 Fletching
25:26 Bodkin Arrow
27:27 Padded Archer Armor
28:26 Thumb Ring
31:10 Husbandry
32:06 Gold Shaft Mining
33:24 Leather Archer Armor
35:33 Scale Barding Armor
Connection lost

Rejoining the realm…

Still unreachable

The connection could not be restored.

Session expired

The server has moved on; the page needs a fresh start.